 Dungeon Crawl Stone Soup version 0.31-a0-339-gda1cbd555d (webtiles) character file.

Game seed: 8620443098363215408

543 lunkers the Martial Artist (level 7, -2/52 HPs)
             Began as a Meteoran Shapeshifter on July 21, 2023.
             Slain by Pikel
             ... wielding a +2 whip of flaming
              (3 damage)
             ... on level 4 of the Dungeon.
             The game lasted 00:04:11 (1638 turns).

lunkers the Martial Artist (Meteoran Shapeshifter)  Turns: 1638, Time: 00:04:11

Health: -2/52      AC:  6    Str: 23    XL:     7   Next: 82%
Magic:  8/8        EV: 11    Int:  9    God:
Gold:   1162       SH:  0    Dex: 17    Spells: 6/6 levels left

rFire   . .          .
                       - Unarmed
rCold   . . .        (no shield)
rNeg    . . .        n - +0 scale mail
rPois   .            (helmet currently unavailable)
rElec   .            (cloak currently unavailable)
rCorr   .            (gloves currently unavailable)
SInv    .            (boots currently unavailable)
Will    .....        (no amulet) Stlth
                     f - +6 ring of strength
HPRegen 0.28/turn    (no ring)
MPRegen 0.11/turn

%: no passive effects
@: beast-form, glowing
A: beast (slay +2), sense surroundings 1, otherworldly, glowing, explore regen
a: Begin Untransformation


You were on level 4 of the Dungeon.
You were a hulking beast.
You visited 1 branch of the dungeon, and saw 5 of its levels.

You collected 1162 gold pieces.

Inventory:

Armour
 a - a +0 animal skin
 j - a +0 helmet
 n - a +0 scale mail (worn)
Jewellery
 f - a +6 ring of strength (left hand)
Talismans
 c - a beast talisman
 t - a maw talisman
Scrolls
 h - 2 scrolls of immolation
Potions
 d - a potion of ambrosia {unknown}
 g - 2 potions of haste {unknown}
 i - 2 potions of curing {unknown}
 m - 2 potions of degeneration {unknown}
 r - 2 potions of enlightenment {unknown}
 s - 3 potions of heal wounds


   Skills:
 - Level 1.1 Fighting
 - Level 2.4 Dodging
 + Level 9.7 Unarmed Combat
 + Level 3.6 Shapeshifting


You had 6 spell levels left.
You didn't know any spells.
Your spell library contained the following spells:

 Spells                   Type           Power      Damage    Failure   Level
 Summon Small Mammal      Summ           0%         N/A       73%         1
 Call Canine Familiar     Summ           0%         N/A       97%         3
 Summon Guardian Golem    Hex/Summ       0%         N/A       97%         3
 Manifold Assault         Tloc           0%         N/A       100%        4
 Dispersal                Tloc           0%         N/A       100%        6
 Disjunction              Tloc           0%         N/A       100%        8


Dungeon Overview and Level Annotations

Branches:
Dungeon (5/15) Zot: 1381
 Temple: D:4-7

Altars:
Cheibriados
Vehumet

Shops:
D:2 [   D:3 !

Annotations:
D:4 Pikel


Innate Abilities, Weirdness & Mutations

You are a hulking beast.
Your limbs bulge with bestial killing power. (Slay +2)
You passively map a small area around you.
You are easily found by Zot.
You glow in the dark.
You regain HP and MP as you explore.


Message History

Pikel burns you.
You climb upwards.
There is a stone staircase leading down here.
You hit Pikel but do no damage. Your punch misses Pikel.
You hit Pikel but do no damage. You punch Pikel.
Pikel is lightly wounded.
Pikel hits you with a +2 whip of flaming.
Pikel burns you.
You hit Pikel but do no damage.
Pikel is lightly wounded.
Pikel hits you with a +2 whip of flaming.
Pikel burns you.
You punch Pikel!
Pikel is moderately wounded.
Pikel hits you with a +2 whip of flaming.
Pikel burns you.
* * * LOW HITPOINT WARNING * * *
You hit Pikel but do no damage.
Pikel is moderately wounded.
Pikel hits you with a +2 whip of flaming!
* * * LOW HITPOINT WARNING * * *
Pikel burns you.
* * * LOW HITPOINT WARNING * * *
Unknown command.
You hit Pikel but do no damage. Your punch misses Pikel.
Pikel is moderately wounded.
Unknown command.
You closely miss Pikel.
Pikel is moderately wounded.
Pikel hits you with a +2 whip of flaming!
* * * LOW HITPOINT WARNING * * *
Pikel burns you.
* * * LOW HITPOINT WARNING * * *
Unknown command.
You hit Pikel.
Pikel is moderately wounded.
Pikel hits you with a +2 whip of flaming.
* * * LOW HITPOINT WARNING * * *
Pikel burns you.
You die...

#,,,**#...## #.....# **,,,*#...##
#.....# **...#....####.....#
#...........#....###
##..####...........#***** * #..#*
####....#.###*.,,* * **#.#*
#..†>..##...,,******* ,...*
#...K.......,,**,,**, *..,**
#.>.h.#.....,***,,*** *,,,,*
*#.....#....#,,,**,,** *,*,,**
*#..#.........,,,,,***
,***,,****#..####.....#.,,,,,,***
,* **,,,,..(.,* *..#....,,,*****,
** #.>....##..* ##.....#,,** *,
*###....#***..###......#,** **
##......# *#..........### *## *,
#.......# #............###.# *,


You could see Pikel.

Vanquished Creatures
  The ghost of Dittersdorf the Shield-Bearer, a novice GrFi (D:4)
  A phantom (D:4)
  A hound (D:4)
  An orc priest (D:4)
  A jelly (D:4)
  An iguana (D:4)
  3 adders (D:2)
  A white imp (D:4)
  6 dart slugs
  4 orcs (D:4)
  10 ball pythons
  8 endoplasms
  4 giant cockroaches
  6 goblins
  2 hobgoblins
  3 bats
  3 frilled lizards
  5 kobolds
  3 rats
64 creatures vanquished.

Notes
Turn   | Place    | Note
-------+----------+-------------------------------------------
     0 | D:1      | lunkers the Meteoran Shapeshifter began the quest for the
                  | Orb.
     0 | D:1      | Reached XP level 1. HP: 16/16 MP: 2/2
    61 | D:1      | Reached skill level 4 in Unarmed Combat
    61 | D:1      | Reached XP level 2. HP: 17/23 MP: 3/3
   188 | D:1      | Reached XP level 3. HP: 23/28 MP: 4/4
   349 | D:2      | Reached skill level 5 in Unarmed Combat
   386 | D:2      | Found Weblul's Antique Armour Shoppe.
   428 | D:2      | Reached XP level 4. HP: 35/35 MP: 5/5
   660 | D:3      | Found Siyled's Distillery.
   702 | D:3      | Reached skill level 6 in Unarmed Combat
   812 | D:3      | Found a radiant altar of Vehumet.
   965 | D:4      | Reached XP level 5. HP: 37/40 MP: 6/6
   997 | D:4      | Noticed a phantom
  1015 | D:4      | Killed a phantom
  1016 | D:4      | Reached skill level 7 in Unarmed Combat
  1016 | D:4      | Reached XP level 6. HP: 36/47 MP: 7/7
  1089 | D:4      | Reached skill level 8 in Unarmed Combat
  1097 | D:4      | HP: 1/47 [acid (9)]
  1165 | D:4      | Found a snail-covered altar of Cheibriados.
  1357 | D:4      | Found a runed translucent door.
  1358 | D:4      | Noticed Dittersdorf's ghost (novice GrFi)
  1416 | D:4      | HP: 3/70 [Dittersdorf's ghost (12)]
  1417 | D:4      | Killed Dittersdorf's ghost
  1418 | D:4      | Reached skill level 9 in Unarmed Combat
  1418 | D:4      | Reached XP level 7. HP: 4/52 MP: 8/8
  1622 | D:5      | Entered Level 5 of the Dungeon
  1623 | D:5      | Identified a scroll of acquirement
  1623 | D:5      | Acquired 983 gold pieces
  1625 | D:5      | Noticed Pikel
  1638 | D:4      | HP: 1/52 [Pikel/+2 whip of flaming (5)]
  1638 | D:4      | Slain by Pikel

Illustrated notes

Levels and vault maps discovered:
D:1:      dpeg_arrival_water_temple_mockup, layout_basic,
          shapermc_ecumenical_altar_mp_urbaneastern, serial_shops,
          nicolae_shop_window_shopping, hex_medium, minmay_pentomino_v2
D:2:      layout_loops_ring, serial_shops, shop, basic_altar, feat_on_display
D:3:      layout_loops_ring, mainiacjoe_overflow_swirl, serial_shops,
          nicolae_shop_industrial_runoff, st_stairs_1, uniq_ijyb
D:4:      layout_layer_cave, mainiacjoe_overflow_cross_hatched,
          ebering_ghost_inner_flame, roderic_batcave
D:5:      layout_loops_corners, corexii_leaking_fountain, uniq_pikel

Skill      XL: |  1  2  3  4  5  6 |
---------------+-------------------+-----
Unarmed Combat | 4 5 6 7 9 |  9.7
Fighting       | |  1.1
Dodging        | |  2.4
Shapeshifting  | |  3.6

Action                     |  1- 3 |  4- 6 |  7- 9 || total
---------------------------+-------+-------+-------++-------
  Melee: Unarmed           |    54 |   109 |    13 ||   176
         Punch             |       |     5 |     1 ||     6
    Use: Potion            |       |     2 |       ||     2
         Scroll            |       |       |     8 ||     8
 Armour: Animal skin       |    12 |     4 |       ||    16
         Scale mail        |       |    25 |     1 ||    26
         Skin              |       |    11 |    34 ||    45
  Dodge: Dodged            |    24 |    49 |     3 ||    76

Table legend: (Time is in decaauts)
 A = Elapsed time spent in this place.
 B = Non-inter-level travel time spent in this place.
 C = Inter-level travel time spent in this place.
 D = Time resting spent in this place.
 E = Time spent auto-exploring this place.
 F = Levels seen in this place.
 G = Mean time per level.
                   A        B        C        D        E       F      G
               +--------+--------+--------+--------+--------+-----+--------+
         Total |   1617 |   1555 |     62 |     14 |   1028 |   5 |  323.4 |
       Dungeon |   1617 |   1555 |     62 |     14 |   1028 |   5 |  323.4 |
               +--------+--------+--------+--------+--------+-----+--------+

Top non-repeatable levels by time:
     D:4: 664 daAuts
     D:1: 334 daAuts
     D:2: 316 daAuts
     D:3: 297 daAuts
     D:5: 5 daAuts
